 Dungeon Crawl Stone Soup version 0.17-a0-1468-gbf503c2 (webtiles) character file.

1342 Sirial the Thaumaturge (level 8, -4/36 HPs)
             Began as a Deep Elf Summoner on July 1, 2015.
             Was a Follower of Ru.
             Slain by HEYYEYAAE's ghost (20 damage)
             ... in an ossuary.
             The game lasted 01:07:55 (6792 turns).

Sirial the Thaumaturge (Deep Elf Summoner)          Turns: 6792, Time: 01:07:55

Health: -4/36      AC:  8    Str:  5      XL:     8   Next: 35%
Magic:  1/22       EV: 14    Int: 19 (23) God:    Ru [*.....]
Gold:   383        SH:  0    Dex: 15      Spells: 5 memorised, 9 levels left

rFire  . . .     SeeInvis .     a - +3 dagger (elec)
rCold  . . .     Clarity  .     j - +2 animal skin
rNeg   . . .     SustAt   .     (no shield)
rPois  +         Gourm    .     l - +2 helmet
rElec  .         Spirit   .     (no cloak)
rCorr  .         Warding  .     o - +0 pair of gloves
rMut   .         Stasis   .     (no boots)
MR     .....                    (no amulet)
Stlth  ++........               u - ring of wizardry
                                f - ring of poison resistance

@: not resistant to hostile enchantments, unstealthy
A: frail 1
a: Renounce Religion


You were in an ossuary.
You worshipped Ru.
Ru was aware of your devotion.
You were not hungry.

You visited 1 branch of the dungeon, and saw 7 of its levels.
You also visited: Ossuary.

You collected 383 gold pieces.

Inventory:

Hand weapons
 a - a +3 dagger of electrocution (weapon)
 b - a +0 shortbow
 k - a +1 dagger of holy wrath
 s - a +1 dagger of holy wrath
 E - a +0 rapier of venom
Missiles
 g - 57 bolts
 y - 46 arrows
Armour
 j - a +2 animal skin (worn)
 l - a +2 helmet (worn)
 o - a +0 pair of gloves (worn)
 C - a +0 pair of gloves
 G - a +2 robe of magic resistance
 H - a +0 ring mail of cold resistance
Jewellery
 f - a ring of poison resistance (left hand)
 n - the ring of Plog {rN+ MP-9 EV+5 Slay+4, unknown}
   (You took it off a gnoll on level 5 of the Dungeon)

   [ring of evasion]

   It affects your evasion (+5).
   It affects your accuracy and damage with ranged weapons and melee attacks
   (+4).
   It protects you from negative energy.
   It affects your magic capacity (-9).
 u - a ring of wizardry (right hand)
 B - an uncursed ring of sustain attributes
Magical devices
 m - a wand of teleportation (3)
 p - a wand of confusion (38)
Scrolls
 v - 3 scrolls of remove curse
Potions
 d - a potion of lignification
 e - 3 potions of might
 h - 3 potions of invisibility
 i - 2 potions of curing
 q - a potion of haste
 r - a potion of heal wounds
 t - 2 potions of cure mutation
Books
 w - a Necronomicon

   Spells                             Type                      Level
   a - Haunt                          Necromancy/Summoning         7
   b - Borgnjor's Revivification      Necromancy                   8
   c - Death's Door                   Charms/Necromancy            8
   d - Necromutation                  Transmutation/Necromancy     8
 x - a book of Callings

   Spells                             Type                      Level
   a - Summon Small Mammal            Summoning                    1
   b - Call Imp                       Summoning                    2
   c - Call Canine Familiar           Summoning                    3
   d - Summon Guardian Golem          Hexes/Summoning              3
   e - Summon Lightning Spire         Summoning/Air                4
   f - Summon Ice Beast               Ice/Summoning                4
Comestibles
 c - 5 bread rations
 A - a fruit
 D - a meat ration


   Skills:
 + Level 0.1 Fighting
 + Level 4.3 Dodging
 + Level 3.0 Stealth
 + Level 8.9 Spellcasting
 + Level 2.0 Hexes
 + Level 8.1 Summonings
 + Level 3.1 Ice Magic
 + Level 0.6 Air Magic


You had 9 spell levels left.
You knew the following spells:

 Your Spells              Type           Power        Failure   Level  Hunger
a - Summon Small Mammal   Summ           ####         1%          1    None
b - Call Canine Familiar  Summ           #####...     1%          3    None
c - Summon Guardian Gole  Hex/Summ       ####....     1%          3    None
d - Summon Ice Beast      Ice/Summ       ####....     4%          4    ###....
e - Summon Lightning Spi  Summ/Air       ####....     6%          4    ###....


Dungeon Overview and Level Annotations

Branches:
Dungeon (7/15)             Temple (0/1) D:6

Altars:
Ashenzari
Cheibriados
Elyvilon
Fedhas
Nemelex Xobeh
Qazlal
Ru
Trog
Vehumet
Xom
The Shining One

Annotations:
Ossuary HEYYEYAAE's ghost, experienced TrFi


Innate Abilities, Weirdness & Mutations

You are frail (-10% HP).


Message History

Your ice beast hits HEYYEYAAE's ghost but does no damage.
Your rat bites HEYYEYAAE's ghost but does no damage.
Casting: Summon Small Mammal
Confirm with . or Enter, or press ? or * to list all spells.
Aiming: Summon Lightning Spire
Press: ? - help, Dir - move target cursor An electric hum fills the air.
HEYYEYAAE's ghost barely misses you.
Your ice beast hits HEYYEYAAE's ghost but does no damage.
Your rat closely misses HEYYEYAAE's ghost.
Your ice beast disappears in a puff of smoke!
Casting: Summon Lightning Spire
Confirm with . or Enter, or press ? or * to list all spells.
A chill wind blows around you. HEYYEYAAE's ghost hits you!
Your rat completely misses HEYYEYAAE's ghost.
Your ice beast hits HEYYEYAAE's ghost.
Your ice beast freezes HEYYEYAAE's ghost.
HEYYEYAAE's ghost resists.
HEYYEYAAE's ghost hits you!!
Ouch! That really hurt!
You die...

#∩.##.........∩∩..........
#..##.....................#
#..#.......................
#.........................
#......................... .
#.....##...............## ...
#.....##...............##....
#................Y...........
#^.^!..........@Wr.M8........
##'#^........#####.........#+
#..#.......................#?
#..#...........∩...........#)
#############################


You could see a mummy, HEYYEYAAE's ghost, a friendly ice beast, a friendly
lightning spire and a friendly rat.

Vanquished Creatures (collateral kills)
  The ghost of abixa the Basher, an experienced OgGl (D:5)
  Duvessa (D:7)
  A sky beast (D:7)
  2 black bears (D:6)
  2 ogres
  A phantom (D:6)
  2 ice beasts (D:5)
  An elf zombie (Ossuary)
  2 centaurs (D:6)
  Blork the orc (D:5)
  Dowan (D:7)
  2 giant frogs (D:6)
  2 scorpions
  4 crimson imps
  A centaur zombie (D:6)
  A human zombie (Ossuary)
  A centaur skeleton (D:4)
  2 hounds
  An iguana (D:6)
  An orc priest (D:4)
  Ijyb (D:4)
  2 worker ants
  4 orc wizards
  A big kobold zombie (Ossuary)
  2 hound zombies (Ossuary)
  3 mummies (Ossuary)
  Robin (D:2)
  2 adders
  4 gnolls (D:5)
  An ooze (D:3)
  2 adder zombies (Ossuary)
  A worm (D:3)
  19 orcs
  8 giant cockroaches
  18 hobgoblins
  15 jackals
  2 quokkas
  2 ball pythons
  15 bats
  5 giant geckos
  A giant gecko skeleton (D:4)
  4 giant newts
  A gnoll zombie (Ossuary)
  28 goblins
  14 kobolds
  A kobold zombie (Ossuary)
  A quokka skeleton (D:6)
  18 rats
  3 rat zombies (Ossuary)
209 creatures vanquished.

Notes
Turn   | Place    | Note
--------------------------------------------------------------
     0 | D:1      | Sirial the Deep Elf Summoner began the quest for the Orb.
     0 | D:1      | Reached XP level 1. HP: 10/10 MP: 6/6
   218 | D:1      | Reached XP level 2. HP: 6/15 MP: 1/8
   920 | D:2      | Reached skill level 5 in Summonings
   928 | D:2      | Found a sparkling altar of Nemelex Xobeh.
  1255 | D:2      | Noticed Robin
  1332 | D:2      | Reached XP level 3. HP: 11/19 MP: 6/10
  1348 | D:2      | Learned a level 3 spell: Call Canine Familiar
  1370 | D:2      | Killed Robin
  1567 | D:2      | Learned a level 3 spell: Summon Guardian Golem
  2135 | D:3      | Found a stormy altar of Qazlal.
  2136 | D:3      | Found a radiant altar of Vehumet.
  2136 | D:3      | Found a blossoming altar of Fedhas.
  2148 | D:3      | Found a sacrificial altar of Ru.
  2151 | D:3      | Found a glowing golden altar of the Shining One.
  2188 | D:3      | Became a worshipper of Ru the Awakened
  2202 | D:3      | Reached XP level 4. HP: 12/24 MP: 1/12
  3074 | D:4      | Noticed an ogre
  3085 | D:4      | Killed an ogre
  3085 | D:4      | Reached skill level 6 in Summonings
  3085 | D:4      | Reached XP level 5. HP: 28/28 MP: 0/14
  3135 | D:4      | Learned a level 4 spell: Summon Ice Beast
  3175 | D:4      | Reached skill level 5 in Spellcasting
  3782 | D:4      | Found a white marble altar of Elyvilon.
  3782 | D:4      | Found a shimmering altar of Xom.
  3783 | D:4      | Found a snail-covered altar of Cheibriados.
  3930 | D:4      | Gained mutation: You are frail (-10% HP). [Ru sacrifice]
  3930 | D:4      | Acquired Ru's first power
  3974 | D:4      | Reached XP level 6. HP: 22/28 MP: 1/16
  3991 | D:4      | Noticed Ijyb
  4004 | D:4      | Killed Ijyb
  4334 | D:5      | Entered Level 5 of the Dungeon
  4598 | D:5      | Noticed abixa's ghost (experienced OgGl)
  4608 | D:5      | Killed abixa's ghost
  4608 | D:5      | Reached skill level 7 in Summonings
  4608 | D:5      | Reached skill level 1 in Ice Magic
  4608 | D:5      | Reached XP level 7. HP: 32/32 MP: 2/19
  4684 | D:5      | Reached skill level 1 in Hexes
  4788 | D:5      | Got a sparkling ivory ring
  4810 | D:5      | Noticed Blork the orc
  4820 | D:5      | Killed Blork the orc
  5049 | D:5      | Learned a level 4 spell: Summon Lightning Spire
  5387 | D:6      | Found a shattered altar of Ashenzari.
  5551 | D:6      | Found a bloodstained altar of Trog.
  5672 | D:6      | Reached skill level 8 in Spellcasting
  5823 | D:6      | Found a staircase to the Ecumenical Temple.
  6177 | D:7      | Noticed Duvessa
  6177 | D:7      | Noticed Dowan
  6251 | D:6      | Reached XP level 8. HP: 33/36 MP: 9/22
  6539 | D:7      | Killed Duvessa
  6565 | D:7      | Killed Dowan
  6585 | D:7      | Found a sand-covered staircase.
  6628 | Ossuary  | Entered an ossuary
  6780 | Ossuary  | Noticed HEYYEYAAE's ghost (experienced TrFi)
  6792 | Ossuary  | Slain by HEYYEYAAE's ghost

Vault maps used:
D:1:      saegor_arrival_simple_f
D:2:      first_bread, kennysheep_minor_cross, minmay_crystal_water,
          dk_noncrumbling_4, nemelex_diamond_rough_becter, uniq_robin
D:3:      grunt_temple_overflow_open
D:4:      kennysheep_goblin_castle, gammafunk_temple_overflow_forgotten
D:5:      nicolae_sextant, uniq_blork_the_orc
D:6:      trog_ov_bears_minmay, minmay_temple_entry_water_ring,
          evilmike_ruin_ashenzari
D:7:      nicolae_overflow_crystal_walls, nicolae_ossuary_entry_plus,
          uniq_duvessa
Ossuary:  ossuary_minmay_tomb_2a

Action                   |  1- 3 |  4- 6 |  7- 9 || total
-------------------------+-------+-------+-------++-------
Melee: Unarmed           |    12 |       |       ||    12
       Dagger            |       |       |     6 ||     6
 Cast: Summon Small Mamm |   132 |    80 |    44 ||   256
       Call Canine Famil |     6 |    11 |     6 ||    23
       Summon Guardian G |     6 |    15 |    12 ||    33
       Summon Ice Beast  |       |    10 |    40 ||    50
       Summon Lightning  |       |       |    11 ||    11
Invok: Sacrifice Health  |       |     1 |       ||     1
  Use: Scroll            |     8 |     7 |     4 ||    19
       Potion            |     7 |     2 |     5 ||    14
  Eat: Fruit             |     2 |       |       ||     2
       Pizza             |     1 |     1 |     1 ||     3
       Beef jerky        |     1 |       |     1 ||     2
       Bread ration      |       |     2 |     1 ||     3
       Meat ration       |       |       |     1 ||     1
